AoeStats
← kirbygus

Black Forest

504661797Analyzed
4v4 RM · 27d ago on Sep 6, 2026· 63m 35s· 8 players
Game mode
Random Map
Map size
Large (8 player)
Population
200
Speed
Normal
Resources
Standard
Victory
Conquest
Starting age
Dark Age
Ending age
Imperial Age
RankedLock teamsTeams togetherTeam positionsShared explorationLock speedFull tech treeHidden civsTurbo modeCheats
Victory
Defeat
🇨🇳 Saracens · China
857
+16
🇨🇳 Huns · China
853
+16
🇺🇸 Khmer · United States
849
+16
🇨🇱 Persians · Chile
821
+17
🇲🇽 Spanish · Mexico
906
-20
🇲🇽 Mongols · Mexico
900
-18
🇲🇽 Huns · Mexico
807
-17
🇲🇽 Aztecs · Mexico
774
-13
XJerkX
0:29 Loom
11:11 Feudal Age
15:25 Castle Age
14:25 Horse Collar
14:45 Double-Bit Axe
16:19 Bow Saw
24:13 Stone Mining
24:17 Gold Mining
26:11 Stone Shaft Mining
26:17 Gold Shaft Mining
28:07 Fletching
28:17 Padded Archer Armor
29:43 Wheelbarrow
29:22 Town Watch
32:49 Imperial Age
30:16 Bodkin Arrow
30:36 Leather Archer Armor
30:27 Scale Barding Armor
31:22 Forging
31:19 Heavy Plow
31:50 Ballistics
31:42 Masonry
31:27 Murder Holes
33:11 Chain Barding Armor
33:08 Bloodlines
32:59 Husbandry
33:33 Caravan
34:03 Coinage
34:23 Conscription
33:26 Elite Mangudai
34:42 Hoardings
34:47 Thumb Ring
35:08 Parthian Tactics
34:05 Light Cavalry
36:02 Chemistry
35:10 Bracer
37:45 Town Patrol
38:00 Hand Cart
38:07 Siege Engineers
42:16 Banking
43:03 Iron Casting
41:55 Hussar
46:56 Fortified Wall
47:55 Blast Furnace
57:16 Scale Mail Armor
kirbygus
14:31 Feudal Age
16:57 Double-Bit Axe
16:55 Horse Collar
17:45 Man-at-Arms
18:19 Arson
23:34 Forging
26:27 Castle Age
27:06 Long Swordsman
27:50 Squires
28:30 Iron Casting
27:57 Scale Mail Armor
27:54 Gold Mining
27:56 Stone Mining
28:09 Heavy Plow
28:21 Bow Saw
30:17 Chain Mail Armor
30:43 Gold Shaft Mining
30:34 Scale Barding Armor
40:38 Imperial Age
38:55 Gold Shaft Mining
42:02 Conscription
41:37 Elite Skirmisher
43:06 Chain Barding Armor
42:38 Fletching
43:49 Blast Furnace
42:51 Padded Archer Armor
43:43 Thumb Ring
44:17 Two-Handed Swordsman
55:34 Plate Barding Armor
55:43 Wheelbarrow
55:03 Loom
57:07 Husbandry
57:18 Bloodlines
56:29 Cavalier
57:34 Paladin
fabianguerra07
4:26 Loom
14:48 Feudal Age
18:41 Double-Bit Axe
21:06 Castle Age
20:02 Stone Mining
20:02 Gold Mining
23:20 Pikeman
28:34 Town Watch
29:27 Wheelbarrow
29:55 Town Patrol
31:30 Forging
31:38 Horse Collar
32:12 Bow Saw
32:11 Arson
33:17 Iron Casting
35:07 Hand Cart
39:58 Imperial Age
38:26 Scale Mail Armor
40:07 Murder Holes
43:04 Squires
42:49 Gambesons
49:06 Onager
51:09 Gold Shaft Mining
51:09 Stone Shaft Mining
50:39 Heavy Plow
51:12 Eagle Warrior
52:45 Elite Skirmisher
55:13 Crop Rotation
54:40 Elite Jaguar Warrior
58:20 Caravan
61:43 Padded Archer Armor
61:33 Fletching
Jorgexld
0:29 Loom
17:41 Feudal Age
19:39 Wheelbarrow
18:52 Double-Bit Axe
18:51 Horse Collar
21:23 Town Watch
25:16 Castle Age
23:56 Stone Mining
28:08 Hand Cart
31:24 Bow Saw
31:19 Heavy Plow
32:47 Scale Barding Armor
32:42 Scale Mail Armor
37:36 Light Cavalry
38:26 Bloodlines
40:28 Scale Mail Armor
40:38 Forging
44:30 Husbandry
44:43 Forging
46:40 Iron Casting
46:20 Chain Mail Armor
46:26 Chain Barding Armor
53:17 Imperial Age
55:02 Plate Barding Armor
54:57 Plate Mail Armor
55:28 Blast Furnace
60:15 Caravan
60:46 Coinage
60:26 Guilds
eleven
10:03 Feudal Age
10:37 Double-Bit Axe
11:29 Wheelbarrow
16:19 Castle Age
25:59 Forging
28:44 Scale Barding Armor
29:15 Iron Casting
29:20 Hand Cart
28:55 Town Watch
28:56 Loom
31:00 Town Patrol
32:36 Ballistics
32:39 Chain Barding Armor
32:33 Fortified Wall
32:45 Ballistics
32:08 Light Cavalry
32:58 Bloodlines
32:49 Husbandry
40:35 Imperial Age
38:22 Masonry
39:38 Pikeman
40:04 Arson
40:33 Gold Mining
40:34 Stone Mining
41:17 Double Crossbow
40:41 Heavy Scorpion
42:32 Blast Furnace
42:27 Plate Barding Armor
42:55 Conscription
41:57 Hussar
42:54 Halberdier
45:36 Gold Shaft Mining
45:37 Stone Shaft Mining
47:03 Chemistry
46:09 Siege Engineers
46:35 Architecture
46:55 Capped Ram
50:50 Siege Ram
53:11 Caravan
53:42 Coinage
seven^^
10:08 Feudal Age
15:27 Castle Age
14:28 Double-Bit Axe
15:15 Horse Collar
30:56 Imperial Age
29:02 Wheelbarrow
30:50 Scale Mail Armor
31:01 Forging
30:57 Scale Barding Armor
32:39 Chain Mail Armor
33:00 Iron Casting
33:28 Chemistry
32:49 Ballistics
33:12 Bow Saw
33:33 Husbandry
32:53 Cavalier
34:25 Parthian Tactics
33:21 Heavy Cavalry Archer
34:17 Gold Mining
34:44 Paladin
35:53 Chain Barding Armor
35:35 Padded Archer Armor
35:26 Fletching
37:33 Blast Furnace
39:22 Bodkin Arrow
39:38 Elite Tarkan
42:11 Marauders
44:28 Plate Barding Armor
44:09 Leather Archer Armor
43:54 Bracer
48:27 Caravan
51:30 Hand Cart
56:42 Gold Shaft Mining
56:13 Heavy Plow
57:18 Two-Man Saw
56:31 Elite Skirmisher
57:26 Pikeman
58:07 Squires
57:52 Arson
61:25 Halberdier
等你下钟
0:36 Loom
14:19 Feudal Age
15:50 Double-Bit Axe
17:03 Gold Mining
20:56 Wheelbarrow
23:14 Stone Mining
Fenixx
0:53 Loom
14:38 Feudal Age
15:31 Town Watch
16:22 Wheelbarrow
16:37 Horse Collar
16:44 Double-Bit Axe
17:38 Gold Mining
17:39 Stone Mining
20:58 Stone Mining
26:09 Castle Age
25:37 Forging
25:43 Scale Barding Armor
26:29 Bloodlines
27:19 Bow Saw
30:21 Stone Shaft Mining
30:59 Hand Cart
31:33 Husbandry
31:42 Heavy Plow
34:36 Chain Barding Armor
37:56 Imperial Age
36:43 Fervor
39:22 Two-Man Saw
38:55 Crop Rotation
40:15 Elite War Elephant
43:23 Conscription
43:39 Cavalier
45:59 Gold Shaft Mining
44:54 Savar
47:04 Plate Barding Armor
49:44 Chemistry
50:31 Caravan
51:18 Ballistics
Connection lost

Rejoining the realm…

Still unreachable

The connection could not be restored.

Session expired

The server has moved on; the page needs a fresh start.